Canucks vs Red Wings

Created - January 18, 2022 at 19:18

Goals
1 2 3 T
Canucks 0 2 2 4
Red Wings 2 3 0 5
Shots
1 2 3 T
Canucks 14 14 13 41
Red Wings 16 6 1 23

1st period

1. Red Wings , Kris Versteeg 8 (Connor Brown 8, Jiri Fischer 4) at 4:36
2. Red Wings , Max Domi 1 (Henrik Zetterberg 11, David Rundblad 5) at 7:38

Penalties :
Ilya Kovalchuk (Van) for Hooking (Minor) at 0:41, Derek Roy (Van) for Roughing (Minor) at 10:56

2nd period

3. Red Wings , Connor Brown 6 (Mike Richards 8, T.J. Hensick 3) at 1:42
4. Canucks , Jeff Schultz 3 (Ben Smith 6, Alex Goligoski 10) at 15:34
5. Red Wings , Tye McGinn 1 (Jiri Fischer 5) at 16:22
6. Canucks , Jason Akeson 1 (Michael Kostka 7, Maxim Talbot 8) at 17:49
7. Red Wings , Tye McGinn 2 (Dylan Larkin 5, Kyle Okposo 3) at 19:48

Penalties :
Mike Richards (Det) for High sticking (Double Minor) at 6:11

3rd period

8. Canucks , Sam Gagner 9 (Yann Sauvé 4, Ben Smith 7) at 3:06
9. Canucks , Maxim Talbot 2 (Brandon Gormley 3, Ilya Kovalchuk 5) at 7:52

Penalties :
Sam Gagner (Van) for Roughing (Minor) at 5:13, Brandon Gormley (Van) for Hooking (Minor) at 12:58

Goalie Stats

Pekka Rinne (Van), 1 saves from 1 shots - (1.000), 18:57 minutes
Philipp Grubauer (Van), 17 saves from 22 shots - (0.773), L, 8-5-2, 39:48 minutes
Robin Lehner (Det), 37 saves from 41 shots - (0.902), W, 9-4-1, 60:00 minutes

Players Stats for Canucks

Player Name              G  A  P  +/- PIM S  H  SB GA TA FO     MP     PP MP  PK MP  
------------------------------------------------------------------------------------
Alex Goligoski           0  1  1   1  0   3  1  0  1  0  0/0    27:55   1:35   4:53 
Anton Zlobin             0  0  0  -1  0   0  3  0  0  0  0/1     8:03   0:45   0:00 
Ben Smith                0  2  2   1  0   3  0  0  0  0  2/5    22:14   1:39   3:52 
Brandon Gormley          0  1  1  -1  2   0  0  0  0  1  0/0    13:11   0:33   0:00 
Cody Eakin               0  0  0  -1  0   2  0  0  0  0  1/2     8:05   0:20   0:27 
Derek Roy                0  0  0   1  2   5  0  0  2  0  17/28  21:16   1:41   2:53 
Fabian Brunnstrom        0  0  0  -1  0   4  0  0  0  0  0/0    13:42   0:45   2:02 
Gustav Nyquist           0  0  0  -1  0   0  0  0  0  0  0/0     7:47   0:00   0:10 
Ilya Kovalchuk           0  1  1   0  2   4  0  0  0  1  0/0    14:36   1:28   0:00 
Jamie Benn               0  0  0   0  0   1  1  0  0  0  0/0    13:23   1:28   0:00 
Jason Akeson             1  0  1  -1  0   5  1  0  0  1  0/1    11:32   0:37   0:00 
Jeff Schultz             1  0  1   1  0   2  0  0  1  1  0/0    27:55   1:35   4:53 
Maxim Talbot             1  1  2  -1  0   2  0  0  0  0  3/8    12:53   0:00   1:58 
Michael Kostka           0  1  1  -1  0   3  1  0  0  0  0/0    18:59   1:51   3:03 
Robert Nilsson           0  0  0   0  0   2  2  0  0  0  8/10   17:09   1:28   2:32 
Sam Gagner               1  0  1   1  2   4  0  0  0  1  0/0    21:15   1:46   1:58 
Shea Weber               0  0  0  -1  0   0  2  1  2  0  0/0    18:59   1:51   3:03 
Yann Sauvé               0  1  1  -1  0   1  0  0  0  1  0/0    13:06   0:33   0:00 

Players Stats for Red Wings

Player Name              G  A  P  +/- PIM S  H  SB GA TA FO     MP     PP MP  PK MP  
------------------------------------------------------------------------------------
Carson Mcmillan          0  0  0   2  0   0  0  0  0  0  0/0    12:35   0:12   1:43 
Connor Brown             1  1  2   0  0   3  0  0  0  1  0/1    21:01   4:00   0:00 
David Krejci             0  0  0  -1  0   0  2  0  0  0  0/1     9:02   0:00   1:02 
David Rundblad           0  1  1   1  0   0  1  2  0  0  0/0    19:16   3:28   0:56 
Drew Fata                0  0  0   1  0   0  1  0  1  0  0/0    16:57   0:00   1:38 
Dylan Larkin             0  1  1   2  0   0  0  0  0  0  4/5    12:55   3:44   0:12 
Henrik Zetterberg        0  1  1   0  0   1  0  0  1  0  7/17   18:52   4:12   1:40 
Jakub Kindl              0  0  0   1  0   0  2  2  0  1  0/0    14:12   0:00   0:34 
Jiri Fischer             0  2  2   1  0   3  0  3  0  1  0/0    20:18   4:28   1:25 
Kris Versteeg            1  0  1   0  0   1  0  2  0  0  1/3    21:01   4:00   0:00 
Kyle Okposo              0  1  1   0  0   1  3  0  0  1  0/0    16:43   3:44   0:00 
Max Domi                 1  0  1   0  0   6  1  0  1  0  0/0    18:14   3:28   1:08 
Michael Haley            0  0  0  -1  0   1  1  0  1  0  0/0    10:06   0:00   1:08 
Mike Richards            0  1  1   0  4   0  3  1  0  0  11/23  20:47   3:32   0:00 
Philip Samuelsson        0  0  0  -1  0   3  4  3  1  0  0/0    24:54   4:28   1:25 
Ryan O'Byrne             0  0  0  -1  0   0  1  1  0  2  0/0    20:24   0:00   2:00 
T.J. Hensick             0  1  1  -1  0   0  1  0  0  0  1/5     9:33   0:00   1:05 
Tye McGinn               2  0  2   2  0   4  2  0  1  0  0/0     9:10   0:24   0:00 

3 Stars

1 - Tye McGinn (Det)
2 - Connor Brown (Det)
3 - Jiri Fischer (Det)

Power Play

Canucks - 0 on 2 Attempt(s) - 0.00%
Red Wings - 0 on 4 Attempt(s) - 0.00%

Penalty Kill

Canucks - 4 on 4 Attempt(s) - 100.00% - Score 0 goal in Penalty Kill
Red Wings - 2 on 2 Attempt(s) - 100.00% - Score 0 goal in Penalty Kill

Team Stat

Canucks - Hits : 11 - Faceoff Wins : 31 - Blocked Shots : 1 - Penalty Minutes : 8
Red Wings - Hits : 22 - Faceoff Wins : 24 - Blocked Shots : 14 - Penalty Minutes : 4

Official

Referees : Dean Morton and Corey Syvret
Linesman : Greg Devorski and Derek Nansen

Game Notes

Pekka Rinne enters game at 19:48 of 2nd period

Finance

Level 1 -- Attendance: 5440 (90.67%) -- Ticket Income $544,000
Level 2 -- Attendance: 5000 (100.00%) -- Ticket Income $300,000
Level 3 -- Attendance: 1834 (91.70%) -- Ticket Income $64,190
Level 4 -- Attendance: 3786 (94.65%) -- Ticket Income $94,650
Luxury Box -- Attendance: 1000 (100.00%) -- Ticket Income $200,000
Game was played at the Little Caesars arena.
Total Attendance: 17060 (94.78%)
Total Ticket Income: $1,202,840
Other Income: $180,426
Total Income: $1,383,266

Canucks

5 vs 5 Forward 
   Center                   Left Wing                Right Wing               Time % Phy DF OF 
 1 Derek Roy                Sam Gagner               Ben Smith                40     1   2  2  
 2 Robert Nilsson           Jamie Benn               Ilya Kovalchuk           30     1   2  2  
 3 Maxim Talbot             Fabian Brunnstrom        Jason Akeson             20     1   2  2  
 4 Cody Eakin               Gustav Nyquist           Anton Zlobin             10     1   2  2  

5 vs 5 Defense 
   Defense                  Defense                                           Time % Phy DF OF 
 1 Jeff Schultz             Alex Goligoski                                    40     1   2  2  
 2 Michael Kostka           Shea Weber                                        30     1   2  2  
 3 Brandon Gormley          Yann Sauvé                                        20     1   2  2  
 4 Jeff Schultz             Alex Goligoski                                    10     1   2  2  

PowerPlay Forward 
   Center                   Left Wing                Right Wing               Time % Phy DF OF 
 1 Derek Roy                Sam Gagner               Ben Smith                60     1   2  2  
 2 Robert Nilsson           Jamie Benn               Ilya Kovalchuk           40     1   2  2  

PowerPlay Defense
   Defense                  Defense                                           Time % Phy DF OF 
 1 Jeff Schultz             Alex Goligoski                                    60     1   2  2  
 2 Michael Kostka           Shea Weber                                        40     1   2  2  

Penalty Kill 4 Players Forward 
   Center                   Wing                     Time % Phy DF OF 
 1 Ben Smith                Derek Roy                60     1   2  2  
 2 Robert Nilsson           Sam Gagner               40     1   2  2  

Penalty Kill 4 Players Defense
   Defense                  Defense                  Time % Phy DF OF 
 1 Jeff Schultz             Alex Goligoski           60     1   2  2  
 2 Michael Kostka           Shea Weber               40     1   2  2  

Penalty Kill - 3 Players Forward 
   Forward                                           Time % Phy DF OF 
 1 Ben Smith                                         60     1   2  2  
 2 Derek Roy                                         40     1   2  2  

Penalty Kill - 3 Players Defense
   Defense                  Defense                  Time % Phy DF OF 
 1 Jeff Schultz             Alex Goligoski           60     1   2  2  
 2 Michael Kostka           Shea Weber               40     1   2  2  

4 vs 4 Forward 
   Center                   Wing                     Time % Phy DF OF 
 1 Ben Smith                Derek Roy                60     1   2  2  
 2 Robert Nilsson           Sam Gagner               40     1   2  2  

4 vs 4 Defense
   Defense                  Defense                  Time % Phy DF OF 
 1 Jeff Schultz             Alex Goligoski           60     1   2  2  
 2 Michael Kostka           Shea Weber               40     1   2  2  

Last Minutes Offensive
   Center                   Left Wing                Right Wing               Defense                  Defense                  
   Derek Roy                Sam Gagner               Ben Smith                Jeff Schultz             Alex Goligoski           

Last Minutes Defensive
   Center                   Left Wing                Right Wing               Defense                  Defense                  
   Derek Roy                Sam Gagner               Ben Smith                Jeff Schultz             Alex Goligoski           

Goaltenders
Starting : Philipp Grubauer         
Backup : Pekka Rinne              

Extra Forwards
Normal : Jason Akeson, Fabian Brunnstrom, Maxim Talbot - PP : Jason Akeson, Fabian Brunnstrom - PK : Maxim Talbot
Extra Defensemen
Normal : Brandon Gormley, Yann Sauvé, Michael Kostka - PP : Brandon Gormley - PK : Yann Sauvé, Michael Kostka
Penalty Shots
Ben Smith, Derek Roy, Robert Nilsson, Sam Gagner, Ilya Kovalchuk

Scratches
Ben Lovejoy (Healthy), Simon Despres (Healthy)

Red Wings

5 vs 5 Forward 
   Center                   Left Wing                Right Wing               Time % Phy DF OF 
 1 Mike Richards            Kris Versteeg            Connor Brown             40     0   2  3  
 2 Henrik Zetterberg        Max Domi                 Kyle Okposo              30     0   2  3  
 3 Dylan Larkin             Tye McGinn               Carson Mcmillan          20     0   2  3  
 4 T.J. Hensick             Michael Haley            David Krejci             10     0   3  2  

5 vs 5 Defense 
   Defense                  Defense                                           Time % Phy DF OF 
 1 Philip Samuelsson        Ryan O'Byrne                                      40     0   2  3  
 2 Jiri Fischer             Drew Fata                                         30     0   2  3  
 3 Jakub Kindl              David Rundblad                                    20     0   2  3  
 4 Jakub Kindl              David Rundblad                                    10     0   3  2  

PowerPlay Forward 
   Center                   Left Wing                Right Wing               Time % Phy DF OF 
 1 Henrik Zetterberg        Kris Versteeg            Connor Brown             60     0   1  4  
 2 Mike Richards            Dylan Larkin             Kyle Okposo              40     0   1  4  

PowerPlay Defense
   Defense                  Defense                                           Time % Phy DF OF 
 1 Philip Samuelsson        Jiri Fischer                                      60     0   1  4  
 2 David Rundblad           Max Domi                                          40     0   1  4  

Penalty Kill 4 Players Forward 
   Center                   Wing                     Time % Phy DF OF 
 1 Henrik Zetterberg        Carson Mcmillan          60     0   4  1  
 2 T.J. Hensick             Michael Haley            40     0   4  1  

Penalty Kill 4 Players Defense
   Defense                  Defense                  Time % Phy DF OF 
 1 Ryan O'Byrne             Drew Fata                60     1   4  0  
 2 Philip Samuelsson        Jiri Fischer             40     1   4  0  

Penalty Kill - 3 Players Forward 
   Forward                                           Time % Phy DF OF 
 1 Carson Mcmillan                                   60     1   4  0  
 2 Michael Haley                                     40     1   4  0  

Penalty Kill - 3 Players Defense
   Defense                  Defense                  Time % Phy DF OF 
 1 Ryan O'Byrne             Jiri Fischer             60     0   5  0  
 2 Philip Samuelsson        Drew Fata                40     0   5  0  

4 vs 4 Forward 
   Center                   Wing                     Time % Phy DF OF 
 1 Henrik Zetterberg        Kris Versteeg            55     0   2  3  
 2 Mike Richards            Connor Brown             45     0   2  3  

4 vs 4 Defense
   Defense                  Defense                  Time % Phy DF OF 
 1 Philip Samuelsson        Drew Fata                60     0   3  2  
 2 David Rundblad           Jiri Fischer             40     0   3  2  

Last Minutes Offensive
   Center                   Left Wing                Right Wing               Defense                  Defense                  
   Henrik Zetterberg        Kris Versteeg            Kyle Okposo              Philip Samuelsson        Connor Brown             

Last Minutes Defensive
   Center                   Left Wing                Right Wing               Defense                  Defense                  
   T.J. Hensick             Michael Haley            Carson Mcmillan          Ryan O'Byrne             Drew Fata                

Goaltenders
Starting : Robin Lehner             
Backup : Mike McKenna             

Extra Forwards
Normal : Henrik Zetterberg, Kris Versteeg, Kyle Okposo - PP : Kyle Okposo, Tye McGinn - PK : Mike Richards
Extra Defensemen
Normal : Philip Samuelsson, Drew Fata, David Rundblad - PP : David Rundblad - PK : Jakub Kindl, David Rundblad
Penalty Shots
Kris Versteeg, Dylan Larkin, Kyle Okposo, Mike Richards, Carson Mcmillan

Scratches
Marko Dano (Separated Left Shoulder Injury), Ole-Kristian Tollefsen (Broken Bone (Right Arm) Injury), Ryane Clowe (Healthy)

% Time on Ice - Canucks

Lines # - Real PCT - Wanted PCT - Time Play
Normal Forward
1 - 33% - 40% - 15:37
2 - 28% - 30% - 13:09
3 - 23% - 20% - 10:55
4 - 16% - 10% - 7:18
Normal Defense
1 - 40% - 40% - 18:53
2 - 30% - 30% - 13:58
3 - 27% - 20% - 12:30
4 - 3% - 10% - 1:38
PP Forward
1 - 63% - 60% - 2:31
2 - 37% - 40% - 1:28
PP Defense
1 - 54% - 60% - 2:08
2 - 46% - 40% - 1:51
PK Forward
1 - 68% - 60% - 5:24
2 - 32% - 40% - 2:32
PK Defense
1 - 62% - 60% - 4:53
2 - 38% - 40% - 3:03
PK3 Forward
1 - 0% - 60%
2 - 0% - 40%
PK3 Defense
1 - 0% - 60%
2 - 0% - 40%
44 Forward
1 - 0% - 60%
2 - 0% - 40%
44 Defense
1 - 0% - 60%
2 - 0% - 40%
Last Minute Offensive  - 1:06
Last Minute Defensive  - 0:00
Total
Forward - 60:00
Defense - 60:00

% Time on Ice - Red Wings

Lines # - Real PCT - Wanted PCT - Time Play
Normal Forward
1 - 36% - 40% - 17:05
2 - 29% - 30% - 13:46
3 - 19% - 20% - 8:46
4 - 16% - 10% - 7:21
Normal Defense
1 - 41% - 40% - 19:19
2 - 30% - 30% - 14:12
3 - 21% - 20% - 9:43
4 - 8% - 10% - 3:44
PP Forward
1 - 53% - 60% - 4:12
2 - 47% - 40% - 3:44
PP Defense
1 - 56% - 60% - 4:28
2 - 44% - 40% - 3:28
PK Forward
1 - 73% - 60% - 2:54
2 - 27% - 40% - 1:05
PK Defense
1 - 64% - 60% - 2:34
2 - 36% - 40% - 1:25
PK3 Forward
1 - 0% - 60%
2 - 0% - 40%
PK3 Defense
1 - 0% - 60%
2 - 0% - 40%
44 Forward
1 - 0% - 55%
2 - 0% - 45%
44 Defense
1 - 0% - 60%
2 - 0% - 40%
Last Minute Offensive  - 0:00
Last Minute Defensive  - 1:07
Total
Forward - 60:00
Defense - 60:00

Play-by-Play

1st period


0:01 of 1st period - Kris Versteeg wins face-off versus Derek Roy in neutral zone.
0:27 of 1st period - Ilya Kovalchuk is hit by Kyle Okposo and loses puck.
0:41 of 1st period - Minor Penalty to Ilya Kovalchuk for Hooking.
0:42 of 1st period - Ben Smith wins face-off versus Henrik Zetterberg in Canucks zone.
2:11 of 1st period - Icing by Mike Richards.
2:12 of 1st period - Mike Richards wins face-off versus Robert Nilsson in Red Wings zone.
2:41 of 1st period - Penalty to Ilya Kovalchuk is over, Ilya Kovalchuk is back on ice.
3:38 of 1st period - Slapshot by Alex Goligoski.
3:38 of 1st period - Stopped by Robin Lehner with a rebound.
3:54 of 1st period - Snap shot by Robert Nilsson.
3:54 of 1st period - Stopped by Robin Lehner without a rebound.
3:55 of 1st period - Maxim Talbot wins face-off versus Henrik Zetterberg in Red Wings zone.
4:02 of 1st period - Snap shot by Jason Akeson.
4:02 of 1st period - Stopped by Robin Lehner without a rebound.
4:03 of 1st period - Henrik Zetterberg wins face-off versus Maxim Talbot in Red Wings zone.
4:03 of 1st period - Henrik Zetterberg is hit by Michael Kostka.
4:18 of 1st period - Snap shot by Henrik Zetterberg.
4:18 of 1st period - Shot Misses the Net.
4:22 of 1st period - Slapshot by Henrik Zetterberg.
4:22 of 1st period - Stopped by Philipp Grubauer without a rebound.
4:23 of 1st period - Mike Richards wins face-off versus Cody Eakin in Canucks zone.
4:24 of 1st period - Slapshot by Connor Brown.
4:24 of 1st period - Stopped by Philipp Grubauer with a rebound.
4:34 of 1st period - Wrist shot by Connor Brown.
4:34 of 1st period - Shot Misses the Net.
4:36 of 1st period - Snap shot by Kris Versteeg.
4:36 of 1st period - Goal by Kris Versteeg - Canucks : 0 - Red Wings : 1.
4:37 of 1st period - Dylan Larkin wins face-off versus Derek Roy in neutral zone.
5:06 of 1st period - Snap shot by Maxim Talbot.
5:06 of 1st period - Shot Misses the Net.
5:08 of 1st period - Slapshot by Michael Kostka.
5:08 of 1st period - Stopped by Robin Lehner without a rebound.
5:09 of 1st period - Mike Richards wins face-off versus Ben Smith in Red Wings zone.
5:34 of 1st period - Brandon Gormley is hit by Kyle Okposo and loses puck.
6:13 of 1st period - Ilya Kovalchuk is hit by David Krejci.
7:00 of 1st period - Slapshot by Jason Akeson.
7:00 of 1st period - Shot Hit the Post.
7:02 of 1st period - Slapshot by Michael Kostka.
7:02 of 1st period - Shot Blocked by Philip Samuelsson.
7:04 of 1st period - Wrist shot by Fabian Brunnstrom.
7:04 of 1st period - Stopped by Robin Lehner without a rebound.
7:05 of 1st period - Mike Richards wins face-off versus Derek Roy in Red Wings zone.
7:12 of 1st period - Snap shot by Derek Roy.
7:12 of 1st period - Shot Misses the Net.
7:14 of 1st period - Snap shot by Ben Smith.
7:14 of 1st period - Shot Blocked by Kris Versteeg.
7:16 of 1st period - Snap shot by Derek Roy.
7:16 of 1st period - Deflect By Mike Richards.
7:16 of 1st period - Stopped by Robin Lehner with a rebound.
7:20 of 1st period - Wrist shot by Ben Smith.
7:20 of 1st period - Deflect By Sam Gagner.
7:20 of 1st period - Shot Misses the Net.
7:20 of 1st period - Puck is out of play.
7:21 of 1st period - Henrik Zetterberg wins face-off versus Maxim Talbot in Red Wings zone.
7:30 of 1st period - Slapshot by Max Domi.
7:30 of 1st period - Stopped by Philipp Grubauer without a rebound.
7:31 of 1st period - Maxim Talbot wins face-off versus Henrik Zetterberg in Canucks zone.
7:38 of 1st period - Snap shot by Max Domi.
7:38 of 1st period - Goal by Max Domi - Canucks : 0 - Red Wings : 2.
7:39 of 1st period - Mike Richards wins face-off versus Derek Roy in neutral zone.
7:42 of 1st period - Jeff Schultz is hit by Mike Richards and loses puck.
8:32 of 1st period - Off-side.
8:33 of 1st period - Henrik Zetterberg wins face-off versus Anton Zlobin in neutral zone.
9:04 of 1st period - Slapshot by Shea Weber.
9:04 of 1st period - Deflect By Cody Eakin.
9:04 of 1st period - Stopped by Robin Lehner with a rebound.
9:06 of 1st period - Slapshot by Michael Kostka.
9:06 of 1st period - Deflect By Cody Eakin.
9:06 of 1st period - Shot Misses the Net.
9:06 of 1st period - Puck is out of play.
9:07 of 1st period - Mike Richards wins face-off versus Ben Smith in Red Wings zone.
9:22 of 1st period - Slapshot by Derek Roy.
9:22 of 1st period - Deflect By Mike Richards.
9:22 of 1st period - Shot Misses the Net.
9:22 of 1st period - Puck is out of play.
9:23 of 1st period - Robert Nilsson wins face-off versus Henrik Zetterberg in Red Wings zone.
9:30 of 1st period - Snap shot by Robert Nilsson.
9:30 of 1st period - Shot Blocked by Jakub Kindl.
9:56 of 1st period - Wrist shot by Tye McGinn.
9:56 of 1st period - Stopped by Philipp Grubauer without a rebound.
9:57 of 1st period - Derek Roy wins face-off versus Dylan Larkin in Canucks zone.
10:06 of 1st period - Snap shot by Derek Roy.
10:06 of 1st period - Shot Misses the Net.
10:21 of 1st period - Icing by Ryan O'Byrne.
10:22 of 1st period - Dylan Larkin wins face-off versus Jason Akeson in Red Wings zone.
10:31 of 1st period - Wrist shot by Connor Brown.
10:31 of 1st period - Shot Misses the Net.
10:33 of 1st period - Snap shot by Connor Brown.
10:33 of 1st period - Stopped by Philipp Grubauer with a rebound.
10:35 of 1st period - Snap shot by Connor Brown.
10:35 of 1st period - Shot Misses the Net.
10:40 of 1st period - Icing by Alex Goligoski.
10:41 of 1st period - Henrik Zetterberg wins face-off versus Maxim Talbot in Canucks zone.
10:48 of 1st period - Wrist shot by Henrik Zetterberg.
10:48 of 1st period - Shot Misses the Net.
10:50 of 1st period - Slapshot by Jiri Fischer.
10:50 of 1st period - Stopped by Philipp Grubauer with a rebound.
10:52 of 1st period - Snap shot by Kyle Okposo.
10:52 of 1st period - Stopped by Philipp Grubauer without a rebound.
10:53 of 1st period - Derek Roy wins face-off versus Mike Richards in Canucks zone.
10:53 of 1st period - Derek Roy is hit by Mike Richards.
10:56 of 1st period - Minor Penalty to Derek Roy for Roughing.
10:57 of 1st period - Henrik Zetterberg wins face-off versus Ben Smith in Canucks zone.
12:33 of 1st period - Mike Richards is hit by Robert Nilsson and loses puck.
12:56 of 1st period - Penalty to Derek Roy is over, Derek Roy is back on ice.
13:14 of 1st period - Slapshot by Derek Roy.
13:14 of 1st period - Stopped by Robin Lehner without a rebound.
13:15 of 1st period - Robert Nilsson wins face-off versus T.J. Hensick in Red Wings zone.
13:26 of 1st period - Ilya Kovalchuk is hit by Michael Haley.
13:46 of 1st period - Slapshot by Philip Samuelsson.
13:46 of 1st period - Stopped by Philipp Grubauer with a rebound.
14:33 of 1st period - Snap shot by Ilya Kovalchuk.
14:33 of 1st period - Stopped by Robin Lehner with a rebound.
14:35 of 1st period - Slapshot by Yann Sauvé.
14:35 of 1st period - Stopped by Robin Lehner without a rebound.
14:36 of 1st period - Robert Nilsson wins face-off versus Henrik Zetterberg in Red Wings zone.
15:41 of 1st period - T.J. Hensick is hit by Anton Zlobin and loses puck.
15:46 of 1st period - Wrist shot by Alex Goligoski.
15:46 of 1st period - Stopped by Robin Lehner without a rebound.
15:47 of 1st period - Mike Richards wins face-off versus Derek Roy in Red Wings zone.
17:00 of 1st period - Slapshot by Philip Samuelsson.
17:00 of 1st period - Stopped by Philipp Grubauer with a rebound.
17:17 of 1st period - Icing by Kris Versteeg.
17:18 of 1st period - Derek Roy wins face-off versus T.J. Hensick in Red Wings zone.
17:45 of 1st period - Slapshot by Henrik Zetterberg.
17:45 of 1st period - Shot Misses the Net.
17:47 of 1st period - Wrist shot by Henrik Zetterberg.
17:47 of 1st period - Shot Misses the Net.
17:49 of 1st period - Wrist shot by Jiri Fischer.
17:49 of 1st period - Stopped by Philipp Grubauer with a rebound.
17:51 of 1st period - Snap shot by Max Domi.
17:51 of 1st period - Stopped by Philipp Grubauer with a rebound.
17:53 of 1st period - Slapshot by Jiri Fischer.
17:53 of 1st period - Stopped by Philipp Grubauer without a rebound.
17:54 of 1st period - Robert Nilsson wins face-off versus Connor Brown in Canucks zone.
18:25 of 1st period - Snap shot by Max Domi.
18:25 of 1st period - Stopped by Philipp Grubauer without a rebound.
18:26 of 1st period - Henrik Zetterberg wins face-off versus Maxim Talbot in Canucks zone.
18:29 of 1st period - Wrist shot by Max Domi.
18:29 of 1st period - Stopped by Philipp Grubauer with a rebound.
18:39 of 1st period - Snap shot by Maxim Talbot.
18:39 of 1st period - Shot Misses the Net.
18:41 of 1st period - Slapshot by Michael Kostka.
18:41 of 1st period - Stopped by Robin Lehner with a rebound.
18:43 of 1st period - Wrist shot by Maxim Talbot.
18:43 of 1st period - Stopped by Robin Lehner with a rebound.
18:59 of 1st period - Slapshot by Fabian Brunnstrom.
18:59 of 1st period - Stopped by Robin Lehner without a rebound.
19:00 of 1st period - Derek Roy wins face-off versus Mike Richards in Red Wings zone.
19:03 of 1st period - Slapshot by Alex Goligoski.
19:03 of 1st period - Shot Misses the Net.
19:11 of 1st period - Wrist shot by Connor Brown.
19:11 of 1st period - Shot Misses the Net.
19:27 of 1st period - Alex Goligoski is hit by Tye McGinn and loses puck.
19:34 of 1st period - Snap shot by Drew Fata.
19:34 of 1st period - Shot Misses the Net.
19:36 of 1st period - Wrist shot by Jiri Fischer.
19:36 of 1st period - Deflect By Tye McGinn.
19:36 of 1st period - Shot Misses the Net.
19:36 of 1st period - Puck is out of play.
19:37 of 1st period - Derek Roy wins face-off versus Mike Richards in Canucks zone.
Goals for this period are 0 for Canucks vs 2 for Red Wings.
Shots for this period are 14 for Canucks vs 16 for Red Wings.

2nd period


0:01 of 2nd period - Derek Roy wins face-off versus Mike Richards in neutral zone.
0:26 of 2nd period - Kyle Okposo is hit by Jamie Benn and loses puck.
0:37 of 2nd period - Ilya Kovalchuk is hit by Philip Samuelsson and loses puck.
1:42 of 2nd period - Snap shot by Connor Brown.
1:42 of 2nd period - Goal by Connor Brown - Canucks : 0 - Red Wings : 3.
1:43 of 2nd period - Mike Richards wins face-off versus Derek Roy in neutral zone.
2:21 of 2nd period - Snap shot by Ilya Kovalchuk.
2:21 of 2nd period - Stopped by Robin Lehner with a rebound.
2:23 of 2nd period - Slapshot by Robert Nilsson.
2:23 of 2nd period - Shot Misses the Net.
2:35 of 2nd period - Maxim Talbot is hit by Jakub Kindl and loses puck.
2:52 of 2nd period - Jiri Fischer is hit by Shea Weber and loses puck.
4:05 of 2nd period - Snap shot by Philip Samuelsson.
4:05 of 2nd period - Deflect By Jason Akeson.
4:05 of 2nd period - Stopped by Philipp Grubauer without a rebound.
4:06 of 2nd period - Dylan Larkin wins face-off versus Maxim Talbot in Canucks zone.
4:58 of 2nd period - Icing by Kyle Okposo.
4:59 of 2nd period - Robert Nilsson wins face-off versus Henrik Zetterberg in Red Wings zone.
5:02 of 2nd period - Slapshot by Ilya Kovalchuk.
5:02 of 2nd period - Stopped by Robin Lehner with a rebound.
5:04 of 2nd period - Snap shot by Jamie Benn.
5:04 of 2nd period - Stopped by Robin Lehner with a rebound.
5:06 of 2nd period - Wrist shot by Ilya Kovalchuk.
5:06 of 2nd period - Stopped by Robin Lehner without a rebound.
5:07 of 2nd period - Robert Nilsson wins face-off versus Mike Richards in Red Wings zone.
5:36 of 2nd period - Snap shot by Ilya Kovalchuk.
5:36 of 2nd period - Shot Misses the Net.
5:38 of 2nd period - Snap shot by Ilya Kovalchuk.
5:38 of 2nd period - Shot Blocked by Philip Samuelsson.
5:40 of 2nd period - Slapshot by Alex Goligoski.
5:40 of 2nd period - Shot Misses the Net.
5:42 of 2nd period - Wrist shot by Ilya Kovalchuk.
5:42 of 2nd period - Shot Misses the Net.
6:11 of 2nd period - Double Minor Penalty to Mike Richards for High sticking.
6:12 of 2nd period - Henrik Zetterberg wins face-off versus Derek Roy in Red Wings zone.
6:28 of 2nd period - Slapshot by Sam Gagner.
6:28 of 2nd period - Stopped by Robin Lehner without a rebound.
6:29 of 2nd period - Derek Roy wins face-off versus Henrik Zetterberg in Red Wings zone.
6:52 of 2nd period - Jiri Fischer is hit by Robert Nilsson and loses puck.
7:24 of 2nd period - Jamie Benn is hit by Ryan O'Byrne and loses puck.
7:47 of 2nd period - Ben Smith is hit by David Krejci.
10:11 of 2nd period - Penalty to Mike Richards is over, Mike Richards is back on ice.
10:40 of 2nd period - Carson Mcmillan is hit by Anton Zlobin and loses puck.
10:59 of 2nd period - Yann Sauvé is hit by Jakub Kindl and loses puck.
11:40 of 2nd period - Michael Kostka is hit by Drew Fata and loses puck.
12:09 of 2nd period - Wrist shot by David Krejci.
12:09 of 2nd period - Shot Misses the Net.
12:11 of 2nd period - Snap shot by Michael Haley.
12:11 of 2nd period - Stopped by Philipp Grubauer with a rebound.
12:32 of 2nd period - Icing by Yann Sauvé.
12:33 of 2nd period - Dylan Larkin wins face-off versus Robert Nilsson in Canucks zone.
13:15 of 2nd period - Cody Eakin is hit by Philip Samuelsson and loses puck.
15:14 of 2nd period - Fabian Brunnstrom is hit by David Rundblad and loses puck.
15:28 of 2nd period - Backhand shot by Alex Goligoski.
15:28 of 2nd period - Shot Misses the Net.
15:30 of 2nd period - Slapshot by Jeff Schultz.
15:30 of 2nd period - Shot Blocked by Ryan O'Byrne.
15:32 of 2nd period - Wrist shot by Ben Smith.
15:32 of 2nd period - Stopped by Robin Lehner with a rebound.
15:34 of 2nd period - Slapshot by Jeff Schultz.
15:34 of 2nd period - Goal by Jeff Schultz - Canucks : 1 - Red Wings : 3.
15:35 of 2nd period - Mike Richards wins face-off versus Derek Roy in neutral zone.
15:48 of 2nd period - Snap shot by Derek Roy.
15:48 of 2nd period - Stopped by Robin Lehner with a rebound.
15:50 of 2nd period - Snap shot by Derek Roy.
15:50 of 2nd period - Stopped by Robin Lehner with a rebound.
15:52 of 2nd period - Snap shot by Ben Smith.
15:52 of 2nd period - Shot Blocked by Jiri Fischer.
16:22 of 2nd period - Slapshot by Tye McGinn.
16:22 of 2nd period - Goal by Tye McGinn - Canucks : 1 - Red Wings : 4.
16:23 of 2nd period - Derek Roy wins face-off versus Kris Versteeg in neutral zone.
16:57 of 2nd period - Wrist shot by Jamie Benn.
16:57 of 2nd period - Shot Misses the Net.
17:01 of 2nd period - Wrist shot by Robert Nilsson.
17:01 of 2nd period - Stopped by Robin Lehner with a rebound.
17:13 of 2nd period - Shea Weber is hit by Philip Samuelsson and loses puck.
17:39 of 2nd period - Snap shot by Maxim Talbot.
17:39 of 2nd period - Shot Blocked by Kris Versteeg.
17:41 of 2nd period - Slapshot by Michael Kostka.
17:41 of 2nd period - Shot Blocked by Mike Richards.
17:43 of 2nd period - Snap shot by Jason Akeson.
17:43 of 2nd period - Shot Misses the Net.
17:45 of 2nd period - Slapshot by Jason Akeson.
17:45 of 2nd period - Stopped by Robin Lehner with a rebound.
17:47 of 2nd period - Wrist shot by Jason Akeson.
17:47 of 2nd period - Stopped by Robin Lehner with a rebound.
17:49 of 2nd period - Wrist shot by Jason Akeson.
17:49 of 2nd period - Goal by Jason Akeson - Canucks : 2 - Red Wings : 4.
17:50 of 2nd period - Derek Roy wins face-off versus Mike Richards in neutral zone.
18:03 of 2nd period - Drew Fata is hit by Alex Goligoski and loses puck.
18:26 of 2nd period - Slapshot by Henrik Zetterberg.
18:26 of 2nd period - Deflect By Max Domi.
18:26 of 2nd period - Stopped by Philipp Grubauer without a rebound.
18:27 of 2nd period - Robert Nilsson wins face-off versus Henrik Zetterberg in Canucks zone.
18:27 of 2nd period - Robert Nilsson is hit by Kyle Okposo.
18:57 of 2nd period - Slapshot by Derek Roy.
18:57 of 2nd period - Deflect By Philip Samuelsson.
18:57 of 2nd period - Stopped by Robin Lehner without a rebound.
18:58 of 2nd period - Derek Roy wins face-off versus Mike Richards in Red Wings zone.
19:48 of 2nd period - Wrist shot by Tye McGinn.
19:48 of 2nd period - Goal by Tye McGinn - Canucks : 2 - Red Wings : 5.
19:48 of 2nd period - Pekka Rinne enters game.
19:49 of 2nd period - Derek Roy wins face-off versus Kris Versteeg in neutral zone.
Goals for this period are 2 for Canucks vs 3 for Red Wings.
Shots for this period are 14 for Canucks vs 6 for Red Wings.

3rd period


0:01 of 3rd period - Derek Roy wins face-off versus Mike Richards in neutral zone.
0:26 of 3rd period - Jamie Benn is hit by Max Domi and loses puck.
2:21 of 3rd period - Wrist shot by Sam Gagner.
2:21 of 3rd period - Shot Blocked by David Rundblad.
2:25 of 3rd period - Slapshot by Sam Gagner.
2:25 of 3rd period - Shot Blocked by David Rundblad.
2:27 of 3rd period - Snap shot by Ben Smith.
2:27 of 3rd period - Stopped by Robin Lehner with a rebound.
2:29 of 3rd period - Wrist shot by Sam Gagner.
2:29 of 3rd period - Shot Blocked by Jakub Kindl.
2:50 of 3rd period - Slapshot by Carson Mcmillan.
2:50 of 3rd period - Deflect By Tye McGinn.
2:50 of 3rd period - Stopped by Pekka Rinne without a rebound.
2:51 of 3rd period - Mike Richards wins face-off versus Derek Roy in Canucks zone.
3:04 of 3rd period - Snap shot by Ben Smith.
3:04 of 3rd period - Shot Misses the Net.
3:06 of 3rd period - Backhand shot by Yann Sauvé.
3:06 of 3rd period - Deflect By Sam Gagner.
3:06 of 3rd period - Goal by Sam Gagner - Canucks : 3 - Red Wings : 5.
3:07 of 3rd period - Derek Roy wins face-off versus Mike Richards in neutral zone.
3:41 of 3rd period - Ilya Kovalchuk is hit by Philip Samuelsson and loses puck.
3:57 of 3rd period - Carson Mcmillan is hit by Jason Akeson and loses puck.
4:46 of 3rd period - Snap shot by Connor Brown.
4:46 of 3rd period - Shot Blocked by Shea Weber.
5:13 of 3rd period - Minor Penalty to Sam Gagner for Roughing.
5:14 of 3rd period - Ben Smith wins face-off versus Mike Richards in Canucks zone.
5:28 of 3rd period - Slapshot by Maxim Talbot.
5:28 of 3rd period - Shot Misses the Net.
5:30 of 3rd period - Wrist shot by Fabian Brunnstrom.
5:30 of 3rd period - Deflect By Connor Brown.
5:30 of 3rd period - Stopped by Robin Lehner without a rebound.
5:31 of 3rd period - Maxim Talbot wins face-off versus Henrik Zetterberg in Red Wings zone.
7:13 of 3rd period - Penalty to Sam Gagner is over, Sam Gagner is back on ice.
7:16 of 3rd period - Snap shot by Alex Goligoski.
7:16 of 3rd period - Shot Blocked by Philip Samuelsson.
7:52 of 3rd period - Snap shot by Maxim Talbot.
7:52 of 3rd period - Goal by Maxim Talbot - Canucks : 4 - Red Wings : 5.
7:53 of 3rd period - Derek Roy wins face-off versus Mike Richards in neutral zone.
7:56 of 3rd period - Slapshot by Sam Gagner.
7:56 of 3rd period - Stopped by Robin Lehner without a rebound.
7:57 of 3rd period - Derek Roy wins face-off versus Mike Richards in Red Wings zone.
9:04 of 3rd period - Off-side.
9:05 of 3rd period - Cody Eakin wins face-off versus T.J. Hensick in neutral zone.
9:20 of 3rd period - Slapshot by Brandon Gormley.
9:20 of 3rd period - Shot Misses the Net.
9:26 of 3rd period - Michael Haley is hit by Anton Zlobin and loses puck.
9:55 of 3rd period - Anton Zlobin is hit by T.J. Hensick and loses puck.
10:32 of 3rd period - Snap shot by Cody Eakin.
10:32 of 3rd period - Stopped by Robin Lehner without a rebound.
10:33 of 3rd period - Mike Richards wins face-off versus Derek Roy in Red Wings zone.
11:00 of 3rd period - Alex Goligoski is hit by Tye McGinn and loses puck.
11:53 of 3rd period - Fabian Brunnstrom is hit by Mike Richards and loses puck.
12:58 of 3rd period - Minor Penalty to Brandon Gormley for Hooking.
12:59 of 3rd period - Derek Roy wins face-off versus Henrik Zetterberg in Canucks zone.
13:04 of 3rd period - Slapshot by Michael Kostka.
13:04 of 3rd period - Stopped by Robin Lehner with a rebound.
13:06 of 3rd period - Snap shot by Derek Roy.
13:06 of 3rd period - Shot Blocked by Jiri Fischer.
13:08 of 3rd period - Slapshot by Ben Smith.
13:08 of 3rd period - Stopped by Robin Lehner with a rebound.
13:10 of 3rd period - Snap shot by Ben Smith.
13:10 of 3rd period - Shot Blocked by Jiri Fischer.
14:58 of 3rd period - Penalty to Brandon Gormley is over, Brandon Gormley is back on ice.
16:13 of 3rd period - Icing by Brandon Gormley.
16:14 of 3rd period - Robert Nilsson wins face-off versus David Krejci in Canucks zone.
17:27 of 3rd period - Snap shot by Dylan Larkin.
17:27 of 3rd period - Shot Misses the Net.
18:18 of 3rd period - Wrist shot by T.J. Hensick.
18:18 of 3rd period - Shot Misses the Net.
18:45 of 3rd period - Canucks, Pekka Rinne is pulled from the net.
18:45 of 3rd period - Snap shot by Jason Akeson.
18:45 of 3rd period - Stopped by Robin Lehner with a rebound.
18:47 of 3rd period - Snap shot by Fabian Brunnstrom.
18:47 of 3rd period - Stopped by Robin Lehner with a rebound.
18:59 of 3rd period - T.J. Hensick is hit by Shea Weber and loses puck.
19:38 of 3rd period - Snap shot by Ben Smith.
19:38 of 3rd period - Shot Misses the Net.
19:40 of 3rd period - Wrist shot by Sam Gagner.
19:40 of 3rd period - Shot Misses the Net.
19:46 of 3rd period - Wrist shot by Alex Goligoski.
19:46 of 3rd period - Stopped by Robin Lehner with a rebound.
19:50 of 3rd period - Snap shot by Sam Gagner.
19:50 of 3rd period - Stopped by Robin Lehner with a rebound.
19:52 of 3rd period - Snap shot by Jeff Schultz.
19:52 of 3rd period - Stopped by Robin Lehner without a rebound.
19:53 of 3rd period - Peter Laviolette call a timeout for Canucks.
19:53 of 3rd period - Derek Roy wins face-off versus T.J. Hensick in Red Wings zone.
19:54 of 3rd period - Wrist shot by Sam Gagner.
19:54 of 3rd period - Deflect By Ben Smith.
19:54 of 3rd period - Shot Misses the Net.
19:54 of 3rd period - Puck is out of play.
19:55 of 3rd period - T.J. Hensick wins face-off versus Derek Roy in Red Wings zone.
Goals for this period are 2 for Canucks vs 0 for Red Wings.
Shots for this period are 13 for Canucks vs 1 for Red Wings. Output by the SimonT Hockey Simulator (STHS) for Francois Prevost - Original Page W3C HTML5 Valid
Hockey Simulator - Hockey Simulation - Hockey Manager